[Event "Israel National League 2024"]
[Site "Israel"]
[Date "2024.02.09"]
[Round "5.25"]
[White "Boruchovsky, Avital"]
[Black "Levin, Guy"]
[Result "1/2-1/2"]
[ECO "B31"]
[WhiteElo "2528"]
[BlackElo "2435"]
[Annotator "TA"]
[PlyCount "133"]
[EventDate "2024.01.07"]
[EventType "team-tourn"]
[EventCountry "ISR"]
[SourceTitle "playchess.com"]
[Source "ChessBase"]
[SourceQuality "1"]
[TimeControl "40/5400+30:1800+30"]

1. e4 c5 2. Nf3 Nc6 3. Bb5 g6 4. O-O Bg7 5. Re1 e5 6. Bxc6 dxc6 7. d3 Qe7 8. a3 a5 9. Be3 Nf6 10. b4 Nd7 11. bxa5 Rxa5 12. a4 c4 13. Nbd2 cxd3 14. cxd3 O-O 15. Nc4 Ra6 16. a5 Rd8 17. Qc2 Nf8 18. h3 h6 19. Qd2 Kh7 20. Bb6 Re8 21. Rac1 Qd7 22. Qb4 Re6 {[%emt 0:02:17] [#]} 23. Ncxe5 $2 (23. Red1 $1 $18 ) 23... Rxe5 $15 24. Nxe5 Bxe5 25. d4 $1 (25. Qxf8 $2 Rxb6 26. Qa3 (26. axb6 $2 Bd6 $19) 26... Ra6 $19) 25... Bd6 26. Qc4 Qe7 27. d5 Nd7 28. e5 $1 Nxe5 (28... Bxe5 $6 29. f4 Nxb6 30. axb6 (30. Rxe5 $2 Qxe5 31. axb6 Qe3+ 32. Kh2 Rxb6 $19) 30... cxd5 31. Qxd5 $16 (31. Qxc8 Bd4+ 32. Kh1 Qf6 $16) (31. Rxe5 $2 Qxe5 32. Qxc8 Qe3+ 33. Kh1 Rxb6 $19)) 29. Qc3 Qg5 (29... g5 $5) 30. dxc6 Qf4 $2 (30... bxc6 $2 31. Rcd1 Qe7 32. f4 $18 (32. Rxd6 Qxd6 33. Rxe5 Be6 $16)) (30... Nxc6 $11 31. Re8 Be5 (31... Nxa5 32. Rh8#) 32. Rxe5 Qxe5 33. Qxe5 Nxe5 34. Rxc8 Nc6) 31. Rcd1 $18 ({Less strong is} 31. c7 Be6 32. Qd4 (32. c8=B Bxc8 33. Rcd1 Qc4 $18) 32... Qxd4 33. Bxd4 Rxa5 $18 (33... Nd3 $2 34. Rxe6 Bxc7 35. Re8 $18)) 31... Rxb6 (31... Nxc6 $142 32. Rxd6 Qxd6) 32. axb6 $18 Nxc6 {[%emt 0:00:03] [#]} 33. Rxd6 (33. g3 $142 $1 Qb4 34. Qf6) 33... Qxd6 $18 34. Re8 Qd1+ 35. Kh2 Qd6+ 36. g3 Nd4 37. Qxc8 Qxb6 38. Rh8+ Kg7 39. Rg8+ Kh7 40. Rh8+ (40. Re8 $1 $16) 40... Kg7 $18 {[%emt 0:00:01] [#]} 41. Qf8+ $1 Kf6 42. Qxh6 Nf3+ 43. Kg2 Qc6 {[%emt 0:07:25] [#]} 44. Qf4+ $2 (44. Qe3 $1 $18 Kg7 45. Rd8 Nd4+ 46. f3) 44... Kg7 $11 45. Rh7+ Kxh7 46. Qxf7+ Kh6 47. Qf8+ Kh7 48. Qxf3 Qd7 49. h4 b5 50. h5 gxh5 51. Qxh5+ Kg7 52. Qe5+ Kh7 53. Qe4+ Kg7 54. g4 Qd1 55. Qe7+ Kg8 56. Qe6+ Kg7 57. Qe4 Kf6 58. Qf5+ Kg7 59. Kg3 Qg1+ 60. Kf3 Qd1+ 61. Ke3 Qe1+ 62. Kd4 b4 63. Qg5+ Kf7 64. Qf5+ Kg7 65. Qc2 b3 66. Qb2 Kg6 67. Qxb3 1/2-1/2

[Event "Israel National League 2024"]
[Site "Israel"]
[Date "2024.02.09"]
[Round "5.26"]
[White "Gorodetzky, David"]
[Black "Gorshtein, Ido"]
[Result "0-1"]
[ECO "B86"]
[WhiteElo "2486"]
[BlackElo "2523"]
[Annotator "TA"]
[PlyCount "68"]
[EventDate "2024.01.07"]
[EventType "team-tourn"]
[EventCountry "ISR"]
[SourceTitle "playchess.com"]
[Source "ChessBase"]
[SourceQuality "1"]
[TimeControl "40/5400+30:1800+30"]

1. e4 c5 2. Nf3 d6 3. d4 cxd4 4. Nxd4 Nf6 5. Nc3 a6 6. Bc4 e6 7. Be3 Be7 8. Bb3 O-O 9. Qe2 b5 10. O-O-O Qc7 11. g4 b4 12. Na4 Nbd7 {[%emt 0:05:56][%cal Od7c5] Threatens to win with ...Nc5!} 13. f3 {[%emt 0:08:30] [#]} (13. Bf4 $1 $11 {keeps the balance.}) 13... Nc5 $1 $17 {[%emt 0:00:42] And now ...Bd7 would win. Black is better.} 14. g5 Nfd7 15. h4 Nxa4 16. Bxa4 Nc5 17. Bb3 {[%emt 0:02:41] White is on the road to losing.} Nxb3+ 18. axb3 Bd7 19. h5 a5 20. Nb5 ({White should try} 20. Qc4 Qb7 21. Qd3) 20... Qb8 21. Nxd6 (21. Nd4 $17) 21... Bxd6 $19 22. Qd2 Ra6 23. e5 {[%emt 0:00:35] [#]} a4 $1 24. bxa4 {[%emt 0:00:31] [#]} (24. exd6 axb3 25. Qd4 bxc2 $19) 24... b3 $1 {[%emt 0:00:09] ...bxc2 is the strong threat.} 25. c3 (25. exd6 bxc2 26. Rdg1 Rxa4 $19) 25... Rd8 26. exd6 Rxa4 27. Qh2 {[%emt 0:00:45] [#]} e5 $2 $40 {[%emt 0:03:00][%mdl 128] Black attacks with force.} 28. Bc5 $2 (28. Qxe5 $2 Re8 29. Qc5 Qa8 $19) (28. Kd2 $17 {nothing else works.}) 28... Qb5 29. Qf2 {[%emt 0:00:35] White is weak on the light squares} (29. Qxe5 $2 {is the wrong capture.} Re8 $19) (29. Ba3 Rda8 (29... Rxa3 $2 30. bxa3 Rc8 31. Kb2 $18) 30. Rhe1 Rxa3 31. Qe2 (31. bxa3 $2 {loses.} Rxa3 32. Qxe5 Ra1+ 33. Kb2 Ra2+ 34. Kb1 Bf5+ $19) 31... Ra1+ 32. Kd2 Rxd1+ 33. Rxd1) 29... Rc8 30. Bb6 Rc6 31. Bc7 {[%emt 0:00:31] [#]} Rxc3+ $3 {[%emt 0:03:19][%mdl 512] Black mates.} 32. bxc3 Ra1+ 33. Kd2 Qd5+ 34. Ke3 Qc5+ {[%emt 0:00:31] Weighted Error Value: White=1.04/Black=0.12 (very precise) .  Loses game:     	White=2     	---        Missed win:     	---       	Black=1      Mistake:       	White=3     	---        Inaccurate:     	White=1     	---        OK:         	White=7     	Black=8      Best:        	White=2     	Black=4      Strong:       	---       	Black=1} 0-1

[Event "Israel National League 2024"]
[Site "Israel"]
[Date "2024.02.09"]
[Round "5.27"]
[White "Rozen, Eytan"]
[Black "Grinberg, Eyal"]
[Result "1/2-1/2"]
[ECO "A07"]
[WhiteElo "2462"]
[BlackElo "2471"]
[Annotator "TA"]
[PlyCount "95"]
[EventDate "2024.01.07"]
[EventType "team-tourn"]
[EventCountry "ISR"]
[SourceTitle "playchess.com"]
[Source "ChessBase"]
[SourceQuality "1"]
[TimeControl "40/5400+30:1800+30"]

1. Nf3 Nf6 2. g3 d5 3. Bg2 c6 4. O-O Bg4 5. h3 Bh5 {[%emt 0:00:41] [#]} 6. c4 $1 e6 7. d4 Bd6 8. Nc3 {[%emt 0:09:29] White is slightly better.} Nbd7 9. Qb3 Rb8 10. cxd5 exd5 11. Nh4 {[%emt 0:00:15] [#] aiming for Nf5.} O-O 12. Re1 Re8 13. Bg5 h6 14. Bxf6 Nxf6 15. g4 Ne4 16. Nxe4 dxe4 17. Nf5 Bg6 {[%emt 0:00:17] ...Bxf5 is the strong threat.} 18. Nxd6 Qxd6 19. e3 h5 ({Better is} 19... Kh8 $15) 20. Rac1 hxg4 21. hxg4 Qd7 22. Qd1 Qe6 (22... f6 $15) 23. a4 Rbd8 24. Rc5 b6 25. Re5 Qxe5 26. dxe5 Rxd1 27. Rxd1 Rxe5 $11 {[%emt 0:00:07][%mdl 4096] Endgame. KRB-KRB} 28. Rd8+ Kh7 29. Rd7 Ra5 30. Rd4 Rd5 {[%emt 0:11:14] ...Rxd4 would now be deadly.} 31. Rc4 Rd1+ 32. Kh2 Rd2 {[%emt 0:01:18][%csl LRb2,LRf2] The position is equal.} 33. Kg3 Rxb2 34. Rxc6 Rb4 35. a5 bxa5 36. Ra6 Rb7 37. Rxa5 Kg8 38. Kf4 Re7 39. g5 Kf8 40. Bf1 Ke8 41. Bb5+ Kd8 42. Bc6 Kc8 43. Ra4 Kb8 44. Bd5 (44. Bxe4 $6 Re6 $16) 44... Rd7 45. Ke5 Rd8 46. Rb4+ Kc8 47. Rc4+ (47. Bxe4 Re8+ 48. Kd5 Bxe4+ 49. Rxe4 Rxe4 50. Kxe4 g6 $19) 47... Kb8 $1 48. Rb4+ {[%emt 0:00:00] Weighted Error Value: White=0.07 (flawless) /Black=0.09 (flawless) .  Mistake:       	---       	Black=2      Inaccurate:     	White=4     	---        OK:         	White=21    	Black=17     Best:        	---       	Black=3      Strong:       	---       	Black=1} (48. Bxe4 Re8+ 49. Kf4 Rxe4+ 50. Rxe4 Bxe4 51. Kxe4 Kc7 $19) 1/2-1/2

[Event "Israel National League 2024"]
[Site "Israel"]
[Date "2024.02.09"]
[Round "5.28"]
[White "Mesropov, Konstantin"]
[Black "Erenberg, Ariel"]
[Result "0-1"]
[ECO "A13"]
[WhiteElo "2440"]
[BlackElo "2496"]
[Annotator "RC"]
[PlyCount "150"]
[EventDate "2024.01.07"]
[EventType "team-tourn"]
[EventCountry "ISR"]
[SourceTitle "playchess.com"]
[Source "ChessBase"]
[SourceQuality "1"]
[TimeControl "40/5400+30:1800+30"]

1. Nf3 Nf6 2. c4 e6 3. b3 d5 4. Bb2 Bd6 5. g3 O-O 6. Bg2 b6 7. O-O Bb7 8. Nc3 Nbd7 9. cxd5 exd5 10. Nb5 Be7 11. Rc1 Ne8 12. Qc2 g6 13. Rfe1 a6 14. Nc3 Bf6 15. Ba3 c5 16. d4 Nd6 17. dxc5 bxc5 18. Na4 Rc8 19. e3 Nb5 20. Bxc5 d4 21. Qd2 Nxc5 22. Nxc5 Bxf3 23. Bxf3 dxe3 24. Qxd8 exf2+ 25. Kxf2 Rfxd8 26. Ne4 Bd4+ 27. Kg2 Rxc1 28. Rxc1 f5 29. Nc5 Bxc5 30. Rxc5 Rd2+ 31. Kg1 Rxa2 32. Rd5 Kg7 33. Rd7+ Kh6 34. h4 Rb2 35. Rd3 a5 36. g4 fxg4 37. Bxg4 Nc7 38. Bc8 Ne8 39. Be6 Ng7 40. Bg4 Nh5 41. Rf3 Ng7 42. Rd3 Ne8 43. Bf3 Nf6 44. Rc3 Nd7 45. Re3 Nc5 46. Bd5 Rd2 47. Bc4 a4 48. bxa4 Rd4 49. Bb5 Nxa4 50. h5 g5 51. Be8 Nc5 52. Rc3 Ne4 53. Re3 g4 54. Bc6 Nf6 55. Re6 Rf4 56. Be8 Kg5 57. Re5+ Rf5 58. Re7 Nxe8 59. Rxe8 Kxh5 60. Kg2 Kh4 61. Re2 h5 62. Ra2 Rb5 63. Rc2 Kg5 64. Ra2 h4 65. Rc2 h3+ 66. Kh2 Kh4 67. Rc1 Rb2+ 68. Kh1 Re2 69. Ra1 g3 70. Ra4+ Kg5 71. Ra5+ Kf4 72. Ra4+ Re4 73. Ra1 Kg4 74. Rg1 Ra4 75. Rb1 h2 0-1

[Event "Israel National League 2024"]
[Site "Israel"]
[Date "2024.02.09"]
[Round "5.29"]
[White "Rozentalis, Eduardas"]
[Black "Bakalchuk, Johnatan"]
[Result "0-1"]
[ECO "B27"]
[WhiteElo "2455"]
[BlackElo "2450"]
[Annotator "TA"]
[PlyCount "68"]
[EventDate "2024.01.07"]
[EventType "team-tourn"]
[EventCountry "ISR"]
[SourceTitle "playchess.com"]
[Source "ChessBase"]
[SourceQuality "1"]
[TimeControl "40/5400+30:1800+30"]

1. e4 c5 2. Nf3 g6 3. c3 d5 4. e5 Nc6 5. d4 Bg4 6. Bb5 Qb6 7. Bxc6+ bxc6 8. dxc5 {[%emt 0:03:57] White has an edge.} Qxc5 9. O-O Bg7 10. Re1 f6 11. Be3 Qa5 (11... Qb5 $14 {is more appropriate.}) 12. Bd4 $16 fxe5 13. Bxe5 Nf6 14. Qd4 (14. Nbd2 $16) 14... c5 $1 $14 15. Qf4 Bxf3 16. Qxf3 (16. Bxf6 O-O 17. Qxf3 Rad8 $11) 16... O-O 17. Bxf6 (17. Qh3 $14) 17... Rad8 $11 18. Nd2 Bxf6 19. Qe2 Qb6 20. Nf3 c4 21. Qd2 Qd6 22. Qe3 Rd7 23. Rad1 Rb8 24. Rd2 Rdb7 25. Qe2 Rb5 26. h4 Qb6 27. Red1 Rxb2 28. Rxb2 Qxb2 29. Qe6+ Kh8 30. Qxd5 Qxc3 {[%emt 0:01:08] aiming for ...Qc2.} 31. Ng5 Qc2 $36 {[%emt 0:04:38][%cal Oh7h6][%mdl 2048] White must now prevent ...h6! Black has the initiative.} 32. g3 {[%emt 0:01:00] [#]} (32. Nf7+ $11 {remains equal.} Kg7 33. Ng5) 32... c3 ({Much worse is} 32... Qxa2 $6 33. Qf7 Bxg5 34. hxg5 $11) ({Black should play} 32... h6 $1 $17 33. Ne6 c3 (33... Qxa2 34. Rc1 $11)) 33. Ne4 {[%emt 0:01:34][%mdl 8192] [#]} (33. Nf7+ $1 $11 {and White has nothing to worry.} Kg7 34. Ng5 Bxg5 35. hxg5) 33... e6 $1 $19 34. Qd7 (34. Qd6 Rd8) 34... Qxe4 {[%emt 0:00:43] Weighted Error Value: White=0.52/Black=0.11 (very precise) .  Loses game:     	White=1     	---        Mistake:       	White=3     	Black=2      Inaccurate:     	White=2     	---        OK:         	White=14    	Black=10     Best:        	---       	Black=1      Strong:       	---       	Black=1} 0-1

[Event "Israel National League 2024"]
[Site "Israel"]
[Date "2024.02.09"]
[Round "5.30"]
[White "Shohat, Yotam"]
[Black "Mindlin, Alon"]
[Result "1-0"]
[ECO "C95"]
[WhiteElo "2328"]
[BlackElo "2438"]
[Annotator "RC"]
[PlyCount "97"]
[EventDate "2024.01.07"]
[EventType "team-tourn"]
[EventCountry "ISR"]
[SourceTitle "playchess.com"]
[Source "ChessBase"]
[SourceQuality "1"]
[TimeControl "40/5400+30:1800+30"]

1. e4 e5 2. Nf3 Nc6 3. Bb5 a6 4. Ba4 Nf6 5. O-O Be7 6. Re1 b5 7. Bb3 d6 8. c3 O-O 9. h3 Nb8 10. d4 Nbd7 11. Nbd2 Bb7 12. Bc2 Re8 13. Nf1 Bf8 14. Ng3 g6 15. a4 Bg7 16. Bd3 c6 17. Bg5 h6 18. Be3 Qe7 19. Qd2 Kh7 20. b4 Qf8 21. Ra2 Rac8 22. axb5 cxb5 23. d5 Ng8 24. Rea1 Nb8 25. Ba7 Rc7 26. Rc2 Nd7 27. c4 bxc4 28. Rxc4 Rxc4 29. Bxc4 Ra8 30. Be3 Ne7 31. Qd1 f5 32. Bc1 Nb6 33. Bb3 fxe4 34. Nxe4 Nexd5 35. Ra5 Rc8 36. Bb2 Nc4 37. Bxc4 Rxc4 38. Rxd5 Rxe4 39. Rxd6 Rxb4 40. Bxe5 Bxf3 41. Bxg7 Qb8 42. Qd2 Rb1+ 43. Kh2 Kxg7 44. gxf3 Rb7 45. Qd3 Qf8 46. Rxg6+ Kh8 47. Qxa6 Qf4+ 48. Kg2 Rf7 49. Qa8+ 1-0

[Event "Israel National League 2024"]
[Site "Israel"]
[Date "2024.02.16"]
[Round "7.1"]
[White "Boruchovsky, Avital"]
[Black "Tzidkiya, Yeshaayahu"]
[Result "1-0"]
[ECO "E71"]
[WhiteElo "2528"]
[BlackElo "2448"]
[Annotator "TA"]
[PlyCount "75"]
[EventDate "2024.01.07"]
[EventType "team-tourn"]
[EventCountry "ISR"]
[SourceTitle "playchess.com"]
[Source "ChessBase"]
[SourceQuality "1"]
[TimeControl "40/5400+30:1800+30"]

1. d4 Nf6 2. c4 g6 3. Nc3 Bg7 4. e4 d6 5. h3 O-O 6. Be3 c5 7. d5 e6 8. Nf3 Na6 (8... exd5 $5 9. cxd5 Qe7 $14) 9. Bd3 {[%emt 0:07:24] White is slightly better.} Nc7 10. dxe6 Bxe6 11. O-O Re8 12. Qd2 Bd7 13. Rfe1 Bc6 14. Bf4 Ne6 15. Bh2 Qa5 16. Rad1 Nd4 17. Bxd6 Nxf3+ 18. gxf3 Qd8 (18... Nd7 $14) 19. Bxc5 $16 Nd7 20. Be3 Ne5 (20... Qh4 $142) 21. Be2 $18 Qh4 22. f4 Nd7 23. Bf1 $1 Bxc3 24. Qxc3 ({Don't play} 24. bxc3 $6 Rxe4 25. Bg2 Nf6 $14) 24... Rxe4 {[%emt 0:00:08] [#]} (24... Nf6 $16 {might work better.}) 25. b4 $1 {[%emt 0:00:12][%cal Bb2b4,Bb4b5][%mdl 32] Threatens to win with b5.} Nf6 26. b5 Bd7 27. Bc1 {[%emt 0:00:16] Hoping for Bg2.} Be6 {[%emt 0:00:54] [#]} 28. Qg3 (28. Qf3 $1 $18 Rxe1 29. Rxe1) 28... Qh5 $2 {[%emt 0:00:30][%mdl 8192] This costs Black the game.} (28... Rxe1 $16 {is more resistant.} 29. Rxe1 (29. Qxh4 Rxd1 30. Be3 Ne4 $16) 29... Qxg3+ 30. fxg3 Nd7) 29. Bb2 {[%emt 0:00:58] White is clearly winning.} Qf5 30. Qc3 {[%emt 0:02:49] Black must now prevent Rxe4.} Rxf4 31. Re5 Rg4+ 32. hxg4 Qxg4+ 33. Bg2 {[%emt 0:00:10] And now Rd4 would win.} Qxd1+ 34. Re1 Qd8 35. Qxf6 Qxf6 36. Bxf6 {[%emt 0:00:09] A strong pair of Bishops.} Bxc4 37. Bxb7 Rb8 {[%emt 0:00:05] [#]} 38. a4 $1 {[%emt 0:00:38] Weighted Error Value: White=0.12 (very precise) /Black=0.44.  Loses game:     	---       	Black=1      Mistake:       	White=1     	Black=3      Inaccurate:     	White=1     	Black=3      OK:         	White=10    	Black=11     Best:        	White=3     	---} 1-0

[Event "Israel National League 2024"]
[Site "Israel"]
[Date "2024.02.16"]
[Round "7.2"]
[White "Aizenberg, Benny"]
[Black "Gorshtein, Ido"]
[Result "0-1"]
[ECO "B94"]
[WhiteElo "2396"]
[BlackElo "2523"]
[Annotator "TA"]
[PlyCount "88"]
[EventDate "2024.01.07"]
[EventType "team-tourn"]
[EventCountry "ISR"]
[SourceTitle "playchess.com"]
[Source "ChessBase"]
[SourceQuality "1"]
[TimeControl "40/5400+30:1800+30"]

1. e4 c5 2. Nf3 d6 3. d4 cxd4 4. Nxd4 Nf6 5. Nc3 a6 6. Bg5 Nbd7 7. f4 Qc7 8. Qf3 h6 9. Bxf6 Nxf6 10. f5 {[%emt 0:00:03] White is slightly better.} Qc5 11. Qd3 (11. O-O-O $14) 11... Bd7 12. O-O-O g5 13. fxg6 Qg5+ 14. Kb1 {[%emt 0:00:59] aiming for gxf7+.} Qxg6 15. g3 e6 {[%emt 0:05:40] Prevents Nf5} 16. Bg2 Be7 17. Qe2 Qh5 18. Nf3 Bc6 19. h3 Rg8 20. g4 Qc5 21. Rhe1 Nd7 22. Qd2 (22. Rd3 $11) 22... h5 $15 23. gxh5 Qxh5 24. Qf2 Qc5 (24... O-O-O $17 25. Rf1 Qc5) 25. Qf1 (25. Nd4 $15) 25... Rc8 $17 26. e5 {[%emt 0:05:06] Against Bf6} Bxf3 27. Qxf3 d5 (27... Nxe5 {keeps more tension.} 28. Qxb7 Rg3 29. Rf1 Rxc3 30. bxc3 Nd7) 28. Re2 Rg5 29. Rde1 Qc7 (29... Qd4 $17 30. Nxd5 (30. Rd1 $2 Rxc3 31. Qf1 Qb6 $19) 30... Qxd5 31. Qxd5 exd5 32. Bxd5 Rc5 33. Bxb7 Rcxe5 34. Rxe5 Nxe5 35. Bxa6 Nf3) 30. Qf4 {[%emt 0:02:15] [#]} (30. Qd3 $15) 30... Qc4 ({Black should try} 30... Qa5 $1 $17 {...Rxc3 is the strong threat.} 31. h4 Rc4 32. Qxc4 dxc4 33. hxg5 Qb6 (33... Bxg5 34. Bxb7 Qb6 35. Bf3 $11)) 31. Qd2 {[%emt 0:02:28] [#]} (31. Qxc4 $1 $15 Rxc4 32. Bxd5 Rxc3 (32... exd5 33. e6 $15) 33. bxc3 exd5 34. e6 fxe6 35. Rxe6) 31... Nb6 $1 {[%emt 0:05:56] Black is much more active.} 32. Rf2 Qh4 {[%emt 0:02:45] ...Nc4 would now be deadly.} 33. Bf1 Nd7 34. Rf4 Qh7 35. Qd4 Qg7 36. Rg4 Rxg4 (36... Nxe5 $2 {perishes.} 37. Rxg5 Bxg5 38. Qxe5 $18 (38. Rxe5 Bf6 $16)) 37. hxg4 Bh4 38. Re2 Bg3 39. Qa7 $2 {[%emt 0:01:17] Now White is beyond hope.} (39. Qb4 $17) 39... Bxe5 $19 40. Na4 ({Weaker is} 40. Qxb7 Rb8 41. Qxa6 Bxc3 $19) 40... Rc7 (40... Qxg4 $142 41. b3 Ke7 (41... Qd4 $2 42. Qxd4 Bxd4 43. Rd2 $19)) 41. Nb6 Qxg4 $40 {[%emt 0:06:17][%mdl 128] Hoping for ...Qd4. Black has strong attack.} 42. Qa8+ $2 (42. Nxd7 {was the crucial defense.} Kxd7 43. Qe3) 42... Ke7 43. Nc8+ {[%emt 0:00:08] [#]} Rxc8 $1 44. Qxc8 (44. Qa7 Rh8) 44... Qd4 {[%emt 0:00:04] Weighted Error Value: White=0.57/Black=0.20 (precise) .  Loses game:     	White=1     	---        Mistake:       	White=6     	Black=4      Inaccurate:     	White=6     	Black=5      OK:         	White=9     	Black=15     Best:        	White=4     	Black=2      Strong:       	---       	Black=1      Brilliant:      	---       	Black=1} 0-1

[Event "Israel National League 2024"]
[Site "Israel"]
[Date "2024.02.16"]
[Round "7.3"]
[White "Rozen, Eytan"]
[Black "Baron, Tal"]
[Result "1-0"]
[ECO "A36"]
[WhiteElo "2462"]
[BlackElo "2490"]
[Annotator "TA"]
[PlyCount "121"]
[EventDate "2024.01.07"]
[EventType "team-tourn"]
[EventCountry "ISR"]
[SourceTitle "playchess.com"]
[Source "ChessBase"]
[SourceQuality "1"]
[TimeControl "40/5400+30:1800+30"]

1. c4 c5 2. Nc3 g6 3. g3 Bg7 4. Bg2 Nc6 5. d3 d6 6. a3 {[%emt 0:00:44] A36: Symmetrical English vs ...g6: 4 Bg2 Bg7.} Qd7 7. Bd2 e6 $146 ({Predecessor:} 7... b6 8. b4 Bb7 9. b5 Ne5 10. Nf3 Nxf3+ 11. Bxf3 Bxf3 12. exf3 e6 13. O-O Ne7 14. Ra2 {1-0 Granda Zuniga,J (2674)-Felgaer,R (2577) American Continental 10th 2014 (10)}) 8. h4 h6 9. Nh3 Nge7 10. Nf4 b6 11. b4 Bb7 12. Rb1 O-O 13. Qa4 a6 14. bxc5 bxc5 15. O-O Qc7 16. Rb2 Rab8 17. Rfb1 a5 18. Rb3 ({White should play} 18. d4 $1 $16) 18... Ba8 $14 19. Rxb8 Rxb8 20. Rxb8+ Qxb8 21. Qb5 Bb7 22. Ne4 Nd4 {[%emt 0:04:56] [#]} (22... Be5 $16) 23. Qb6 $1 $18 Be5 24. e3 Ndc6 25. Bc3 ({Resist} 25. Bxa5 Nxa5 26. Qxa5 Bc6) 25... Bxc3 26. Nxc3 Nc8 27. Qb5 N8a7 28. Qb2 (28. Qb3 $16) 28... Ba6 $1 $14 29. Qa1 (29. Qxb8+ {simplifies} Nxb8 30. Nfe2 Kf8 31. Nc1) 29... Ne5 30. Ne4 f5 ({Black should try} 30... Qc7) 31. Nd2 $16 Kf7 32. Qc3 g5 33. hxg5 hxg5 34. Nh3 g4 35. Nf4 (35. Qxa5 gxh3 36. Bxh3 Bb7 $19) 35... Qd8 (35... Qb6 $16) 36. d4 $18 Ng6 (36... cxd4 $142 37. exd4 Ng6) 37. Nxg6 Kxg6 38. dxc5 dxc5 39. Nb3 Qf6 40. Qxf6+ (40. Qd3 $18) 40... Kxf6 $16 41. Nxa5 Nc8 42. Bb7 Bxb7 43. Nxb7 Nb6 44. Nxc5 Nxc4 45. a4 Ke5 46. Nb3 Kd5 {[%emt 0:00:00] [#]} 47. Nd4 $1 Nd6 $2 (47... Na5 $16 48. Kf1 Kd6) 48. a5 $18 Kc5 49. f4 (49. Nxe6+ $18 Kb5 50. Kf1) 49... Nc4 $16 50. Nxe6+ Kd6 $2 (50... Kd5 $16 51. Nc7+ Kc5) 51. Nd4 $18 Nxe3 52. Kf2 Nd5 53. Nxf5+ Kc5 54. Nh6 Nf6 55. Ke3 Kb5 56. Kd4 Nh5 57. Nf5 ({Inferior is} 57. Nxg4 Nxg3 58. Nh2 Ne2+ 59. Ke5 Nxf4 $11) 57... Kxa5 58. Ke5 Kb5 59. Ke6 Kc4 60. Kf7 Kd5 61. Kg6 1-0

[Event "Israel National League 2024"]
[Site "Israel"]
[Date "2024.02.16"]
[Round "7.4"]
[White "Flom, Gabriel"]
[Black "Erenberg, Ariel"]
[Result "1/2-1/2"]
[ECO "E32"]
[WhiteElo "2421"]
[BlackElo "2496"]
[Annotator "TA"]
[PlyCount "146"]
[EventDate "2024.01.07"]
[EventType "team-tourn"]
[EventCountry "ISR"]
[SourceTitle "playchess.com"]
[Source "ChessBase"]
[SourceQuality "1"]
[TimeControl "40/5400+30:1800+30"]

1. d4 Nf6 2. c4 e6 3. Nc3 Bb4 4. Qc2 O-O 5. e4 d5 6. e5 Ne4 7. Bd3 c5 8. Nf3 {[%emt 0:01:02] E32: Nimzo-Indian: Classical (4 Qc2): 4...0-0.} cxd4 9. Nxd4 Nd7 10. Bf4 Qh4 11. g3 Qh5 12. Be2 Qg6 13. a3 Nxc3 14. Bd3 Nb5+ 15. axb4 Nxd4 16. Bxg6 Nxc2+ 17. Bxc2 dxc4 18. Be4 f6 $146 ({Predecessor:} 18... Nb6 19. Be3 Nd5 20. Rxa7 Bd7 21. Bxd5 Rxa7 22. Bxa7 exd5 23. Bd4 {½-½ Shmeliov,D (2411)-Charbonneau,P (2505) USA tt ICC INT 2014 (1)}) 19. exf6 Nxf6 20. Bg2 Nd5 21. Bxd5 ({White should try} 21. Bd2 $11) 21... exd5 $15 22. Be3 Bd7 23. Kd2 a6 24. f4 Rfe8 25. Rhe1 Re4 26. Bb6 Rae8 27. Rxe4 Rxe4 ({Reject} 27... dxe4 $6 28. Ke3 $11) 28. Re1 Rxe1 29. Kxe1 Kf7 30. Kf2 Bg4 31. Bd4 g6 32. Kg2 h5 33. h4 Ke6 34. Kf2 Kd6 35. Ke3 Kc6 36. Kd2 Kb5 37. Kc3 a5 38. bxa5 Kxa5 39. Bc5 Ka4 40. Bb6 Bf3 41. Bd4 b5 42. Bc5 Be2 43. Bd4 b4+ 44. Kd2 Bg4 45. Be5 Bf5 46. Bf6 Kb3 47. Be5 Ka2 48. Kc1 Bd3 49. Bf6 Kb3 50. Kd2 Ka4 51. Bg7 Kb5 52. Bf6 Bf5 53. Bg7 Be4 54. Bf6 Bd3 55. Bg7 Bf1 56. Bf6 Ka4 57. Be5 Kb3 58. Bf6 Ka2 59. Kc1 c3 60. bxc3 b3 61. c4 dxc4 62. Bc3 Bh3 63. Bb2 Bf5 64. Bc3 Ka3 65. Bb2+ Kb4 66. Kd2 Kc5 67. Bc3 Kd5 68. Ke3 Bc2 69. Bb2 Ke6 70. Bc3 Kf5 71. Bb2 Kg4 72. Kf2 Kf5 73. Ke3 Bd3 1/2-1/2

[Event "Israel National League 2024"]
[Site "Israel"]
[Date "2024.02.16"]
[Round "7.5"]
[White "Raznikov, Danny"]
[Black "Deutsch, Eyal"]
[Result "1-0"]
[ECO "E07"]
[WhiteElo "2476"]
[BlackElo "2289"]
[Annotator "TA"]
[PlyCount "45"]
[EventDate "2024.01.07"]
[EventType "team-tourn"]
[EventCountry "ISR"]
[SourceTitle "playchess.com"]
[Source "ChessBase"]
[SourceQuality "1"]
[TimeControl "40/5400+30:1800+30"]

1. d4 Nf6 2. c4 e6 3. Nf3 d5 4. Nc3 c6 5. g3 Be7 6. Bg2 O-O 7. O-O b6 8. Qd3 Ba6 9. b3 Nbd7 10. e4 Rc8 11. Rd1 c5 12. exd5 exd5 13. Nb5 dxc4 (13... Bxb5 $14 14. cxb5 Qc7) 14. bxc4 $16 Bxb5 $1 15. cxb5 c4 (15... Re8 $14) 16. Qc2 {[%emt 0:06:31] White is more active.} Qc7 {[%emt 0:08:17] Dodges Ne5} 17. d5 (17. Nh4 $16) 17... Ne5 $2 {[%emt 0:02:50][%mdl 8192] [#] Against Bc6. This move loses the game for Black.} (17... Ng4 $14) 18. Nxe5 $1 $18 {[%emt 0:02:55] White is clearly winning.} Qxe5 19. Bf4 Qh5 20. d6 Bd8 21. d7 Rc5 22. Bd6 {[%emt 0:01:57][%csl LRc5,LRf8] This pair of bishops is nice.} Rxb5 23. Qxc4 {[%emt 0:06:42] Weighted Error Value: White=0.08 (flawless) /Black=0.75.  Loses game:     	---       	Black=1      Mistake:       	White=1     	Black=2      OK:         	White=5     	Black=1      Best:        	White=1     	---        Strong:       	White=1     	Black=1} 1-0